[Event "January 2 Late 2024"]
[Site "https://www.chess.com"]
[Date "2024.01.02"]
[Round "3"]
[White "Keller, Peter"]
[Black "Vujacic, Igor"]
[Result "1/2-1/2"]
[Board "182"]
[TimeControl "180+1"]
[WhiteFideId "1272105"]
[BlackFideId "932620"]
[WhiteElo "2204"]
[BlackElo "2451"]
[WhiteTeam "GER"]
[BlackTeam "MNE"]
[WhiteClock "0:00:35"]
[BlackClock "0:00:06"]

1. e4 c5 2. Nf3 Nc6 3. d4 cxd4 4. Nxd4 g6 5. c4 Nf6 6. Nc3 d6 7. f3 Bg7 8. Be3 O-O 9. Be2 Nh5 10. O-O Nf4 11. Qd2 Bxd4 12. Bxd4 Nxd4 13. Qxd4 e5 14. Qe3 Qg5 15. Kf2 Qxg2+ 16. Ke1 Qxh2 17. Kd2 Ng2 18. Qf2 Qh6+ 19. Kd3 Nf4+ 20. Kc2 Be6 21. Rh1 Qg7 22. Rag1 Rfc8 23. b3 Rc6 24. Kb2 a6 25. Bf1 Qf6 26. Qh2 h5 27. Ne2 Nxe2 28. Bxe2 Kf8 29. Qf2 Rac8 30. Qg2 Qf4 31. Qg5 Qxg5 32. Rxg5 b5 33. Rgg1 bxc4 34. Bxc4 Bxc4 35. bxc4 Rxc4 36. Rd1 Rb8+ 37. Ka3 Rc3+ 38. Ka4 Rb6 39. Rb1 Rbc6 40. Rb3 Rxb3 41. axb3 Ke7 42. b4 Kd7 43. Ka5 Kc7 44. Rg1 Kb7 45. Rd1 Rb6 46. Rc1 h4 47. Rg1 g5 48. Rxg5 Rb5+ 49. Ka4 d5 50. Rxe5 d4 51. Re7+ Kc6 52. Rxf7 d3 53. Kb3 Rh5 54. Rg7 h3 55. Rg1 h2 56. Rh1 Rh3 57. Kc3 Rxf3 58. Rxh2 Re3 59. Kd4 Rg3 60. Rd2 Kb5 61. Rxd3 Rxd3+ 62. Kxd3 Kxb4 63. Kd4 a5 64. e5 a4 65. e6 a3 66. e7 a2 67. e8=Q a1=Q+ 68. Kd5 Qd1+ 69. Ke6 Qg4+ 70. Ke7 Qg5+ 71. Kf7 Qh5+ 72. Kf8 Qh8+ 73. Kf7 Qh5+ 74. Kf8 Qh6+ 75. Kf7 Qh7+ 76. Kf8 Qh8+ 77. Kf7 Qxe8+ 78. Kxe8 1/2-1/2

[Event "January 2 Late 2024"]
[Site "https://www.chess.com"]
[Date "2024.01.02"]
[Round "3"]
[White "Montano Vicente, Guadalupe"]
[Black "Mizzi, Jack"]
[Result "0-1"]
[Board "183"]
[TimeControl "180+1"]
[WhiteFideId "5181399"]
[BlackFideId "5602521"]
[WhiteElo "2151"]
[BlackElo "2431"]
[WhiteTeam "MEX"]
[BlackTeam "MLT"]
[WhiteClock "0:00:00"]
[BlackClock "0:00:02"]

1. d4 Nf6 2. c4 e6 3. Nf3 d5 4. Nc3 Bb4 5. Qa4+ Nc6 6. e3 O-O 7. Bd2 a6 8. Qc2 dxc4 9. Bxc4 b5 10. Be2 Bb7 11. Rd1 Ne7 12. O-O Bxc3 13. Bxc3 Ne4 14. Rc1 Rc8 15. Rfd1 Ba8 16. Ba5 Qd5 17. Bd3 Ng5 18. Ne1 f5 19. Qc5 Qxc5 20. Rxc5 Nd5 21. Rdc1 c6 22. a4 Bb7 23. b3 Kf7 24. Nc2 Ne4 25. Bxe4 fxe4 26. Nb4 Ne7 27. Re5 Nd5 28. Rxe4 Kf6 29. Nxd5+ cxd5 30. Rf4+ Kg6 31. Rxc8 Rxc8 32. h4 bxa4 33. bxa4 Rc4 34. Rg4+ Kf7 35. Bd8 Rxa4 36. Rf4+ Ke8 37. Bc7 Rc4 38. Be5 a5 39. Bxg7 a4 40. Rf8+ Ke7 41. Rb8 Bc6 42. Rb6 Kd7 43. Ra6 Rc1+ 44. Kh2 Ra1 45. Be5 a3 46. Ra5 a2 47. Kg3 Kc8 48. h5 Kb7 49. Kf3 Kb6 50. Ra3 Bb5 51. g4 Bc4 52. Bf6 Rh1 53. Rxa2 Bxa2 54. Kf4 Bb3 55. f3 Bd1 56. Kg5 Rf1 57. f4 Rg1 58. Kh6 Rxg4 59. Kxh7 Rg3 60. h6 Bc2+ 61. Kh8 Rxe3 62. Bg5 Rh3 63. Kg7 Kc6 64. Kf6 Bf5 65. Ke5 Kd7 66. Kf6 Kd6 67. Kf7 Rh1 68. Kg7 Kc6 69. Kf8 Kb5 70. Kg7 Kc4 71. Bf6 Rg1+ 72. Kh8 Rh1 73. Kg7 Kd3 74. Be5 Ke4 0-1

[Event "January 2 Late 2024"]
[Site "https://www.chess.com"]
[Date "2024.01.02"]
[Round "3"]
[White "Seletsky, Grigory"]
[Black "hoshiboshi"]
[Result "1-0"]
[Board "184"]
[TimeControl "180+1"]
[WhiteFideId "14112191"]
[WhiteElo "2421"]
[BlackElo "2145"]
[WhiteTeam "UKR"]
[WhiteClock "0:01:50"]
[BlackClock "0:00:00"]

1. e4 c5 2. Nc3 Nc6 3. f4 g6 4. Nf3 Bg7 5. Bc4 e6 6. d3 Nge7 7. a3 O-O 8. Ba2 Rb8 9. h4 h5 10. Be3 d6 11. Ng5 d5 12. Bxc5 d4 13. Ne2 b6 14. Bxe7 Qxe7 15. Qd2 Kh8 16. O-O-O f6 17. Nf3 e5 18. fxe5 fxe5 19. Kb1 b5 20. Rdf1 b4 21. a4 Be6 22. Bxe6 Qxe6 23. b3 Ne7 24. Qg5 Ng8 25. Qg3 Rbe8 26. Nd2 Bh6 27. Nc4 Rxf1+ 28. Rxf1 Kg7 29. Ng1 Nf6 30. Nh3 Ng4 31. Ng5 Bxg5 32. hxg5 a6 33. Rf3 Rf8 34. Kb2 1-0

[Event "January 2 Late 2024"]
[Site "https://www.chess.com"]
[Date "2024.01.02"]
[Round "3"]
[White "Gurevich, Dmitry"]
[Black "Pepino, Enrico"]
[Result "1-0"]
[Board "185"]
[TimeControl "180+1"]
[WhiteFideId "2000407"]
[BlackFideId "810908"]
[WhiteElo "2418"]
[BlackElo "2063"]
[WhiteTeam "USA"]
[BlackTeam "ITA"]
[WhiteClock "0:01:14"]
[BlackClock "0:00:05"]

1. d4 Nf6 2. c4 e6 3. Nc3 d5 4. Nf3 Nbd7 5. cxd5 exd5 6. Bf4 c6 7. e3 Be7 8. Bd3 O-O 9. h3 Re8 10. O-O Nf8 11. Rb1 Ng6 12. b4 Nxf4 13. exf4 Bd6 14. Ne5 a6 15. a4 Qe7 16. Re1 Qf8 17. b5 cxb5 18. axb5 a5 19. Qf3 Bb4 20. Rec1 Bxc3 21. Rxc3 a4 22. Ra1 Ne4 23. Rc7 f6 24. Ng4 Nd2 25. Qxd5+ Be6 26. Bxh7+ Kxh7 27. Qh5+ Kg8 28. Nh6+ Kh7 29. Nf7+ Kg8 30. Qh8# 1-0

[Event "January 2 Late 2024"]
[Site "https://www.chess.com"]
[Date "2024.01.02"]
[Round "3"]
[White "Perossa, Nicolas"]
[Black "Fareh, Youness"]
[Result "1-0"]
[Board "186"]
[TimeControl "180+1"]
[WhiteFideId "2850520"]
[BlackFideId "9000526"]
[WhiteElo "2413"]
[BlackElo "2014"]
[WhiteTeam "ITA"]
[BlackTeam "MAR"]
[WhiteClock "0:00:07"]
[BlackClock "0:00:02"]

1. Nc3 Nf6 2. e4 e5 3. Nge2 Bc5 4. d4 exd4 5. Nxd4 O-O 6. Be3 Re8 7. Qd3 Bb4 8. Bg5 Qe7 9. Bxf6 Qxf6 10. O-O-O Bxc3 11. Qxc3 Nc6 12. f3 d6 13. Bc4 Bd7 14. Bb3 a5 15. Kb1 Nxd4 16. Qxd4 Qxd4 17. Rxd4 b5 18. a3 Be6 19. c4 Reb8 20. Rc1 Kf8 21. Rd3 a4 22. Ba2 b4 23. axb4 Rxb4 24. c5 Rab8 25. Rc2 Bxa2+ 26. Kxa2 dxc5 27. Rdc3 c4 28. Rxc4 Rxc4 29. Rxc4 Rb7 30. Rxa4 Ke7 31. Rd4 f6 32. b4 g6 33. Ka3 Ra7+ 34. Kb2 h5 35. h4 g5 36. hxg5 fxg5 37. Rd5 g4 38. Rxh5 gxf3 39. gxf3 Ra4 40. Kb3 Ra1 41. Rf5 Rb1+ 42. Kc4 Rc1+ 43. Kb5 Re1 44. Kc6 Rc1+ 45. Kb7 Kd6 46. b5 Rb1 47. Rd5+ Ke6 48. Kxc7 Rc1+ 49. Kb7 Rf1 50. Rf5 Rb1 51. b6 Rb3 52. Ka7 Ra3+ 53. Kb8 Rb3 54. b7 Ra3 55. Rc5 Kd6 56. Rd5+ Kc6 57. Rh5 Rb3 58. Rh6+ Kd7 59. Ka7 Ra3+ 60. Ra6 Rb3 61. b8=Q Rxb8 62. Kxb8 1-0

[Event "January 2 Late 2024"]
[Site "https://www.chess.com"]
[Date "2024.01.02"]
[Round "3"]
[White "Senft, Sean"]
[Black "Reinecke, Katharina"]
[Result "1-0"]
[Board "187"]
[TimeControl "180+1"]
[WhiteFideId "2044960"]
[BlackFideId "12929727"]
[WhiteElo "2409"]
[BlackElo "2024"]
[WhiteTeam "USA"]
[BlackTeam "GER"]
[WhiteClock "0:01:19"]
[BlackClock "0:00:32"]

1. d4 d5 2. c4 c6 3. Nc3 Nf6 4. Nf3 e6 5. cxd5 exd5 6. Bg5 Bd6 7. e3 O-O 8. Bd3 h6 9. Bh4 Nbd7 10. Qc2 Re8 11. O-O-O Nf8 12. Ne5 Bxe5 13. dxe5 Rxe5 14. e4 dxe4 15. Nxe4 Qe7 16. Nxf6+ gxf6 17. Qd2 Bf5 18. Qxh6 Qc5+ 19. Kb1 Bxd3+ 20. Rxd3 Re2 21. Bxf6 Qc2+ 22. Ka1 Ne6 23. Qh8# 1-0

[Event "January 2 Late 2024"]
[Site "https://www.chess.com"]
[Date "2024.01.02"]
[Round "3"]
[White "Dias, Joao Batista"]
[Black "Sroczynski, Maciej"]
[Result "0-1"]
[Board "188"]
[TimeControl "180+1"]
[WhiteFideId "2108240"]
[BlackFideId "1121472"]
[WhiteElo "1989"]
[BlackElo "2405"]
[WhiteTeam "BRA"]
[BlackTeam "POL"]
[WhiteClock "0:00:04"]
[BlackClock "0:00:29"]

1. e4 c5 2. Nf3 e6 3. d4 cxd4 4. Nxd4 Nc6 5. Nxc6 bxc6 6. Bd3 d5 7. exd5 cxd5 8. b3 Bb4+ 9. c3 Bd6 10. O-O Nf6 11. h3 h6 12. Nd2 O-O 13. Nf3 e5 14. Bc2 Re8 15. Re1 Bb7 16. Be3 Qc7 17. Rc1 a5 18. Nh4 Bc8 19. Nf5 Bxf5 20. Bxf5 e4 21. h4 Bh2+ 22. Kh1 Bf4 23. Qd4 a4 24. b4 Bxe3 25. Rxe3 a3 26. Rg3 Kh8 27. Re1 Qf4 28. Bh3 Qxh4 29. Ree3 Rad8 30. Kg1 Qf4 31. Qa7 Nh5 32. Rg4 Qf6 33. Qd4 Qxd4 34. cxd4 g5 35. Rxa3 f5 36. Ra6 Kg7 37. b5 fxg4 38. Bxg4 Nf6 39. Be2 Ra8 40. Rb6 Rxa2 41. Bf1 Ra1 42. g3 e3 43. fxe3 Ng4 44. Kg2 Nxe3+ 45. Kf3 Rxf1+ 0-1

[Event "January 2 Late 2024"]
[Site "https://www.chess.com"]
[Date "2024.01.02"]
[Round "3"]
[White "Skurikhin, Dmitrij"]
[Black "Le, Quang Long"]
[Result "0-1"]
[Board "189"]
[TimeControl "180+1"]
[WhiteFideId "4161297"]
[BlackFideId "12401749"]
[WhiteElo "2292"]
[BlackElo "2764"]
[WhiteTeam "RUS"]
[BlackTeam "CAN"]
[WhiteClock "0:00:49"]
[BlackClock "0:01:14"]

1. Nf3 d5 2. d4 Nf6 3. c4 e6 4. Nc3 Be7 5. Bg5 O-O 6. e3 a6 7. cxd5 exd5 8. Bd3 Be6 9. Qc2 Nbd7 10. h3 Rc8 11. O-O h6 12. Bxf6 Nxf6 13. Qb3 b5 14. Rac1 c5 15. Bb1 c4 16. Qc2 b4 17. Ne2 Ne4 18. Nd2 f5 19. f3 Nd6 20. e4 dxe4 21. fxe4 Bg5 22. e5 Nb5 23. Nf3 Bxc1 24. Qxc1 c3 25. bxc3 Nxc3 26. Nxc3 bxc3 27. Bc2 Bxa2 28. Qa3 Bc4 29. Rd1 Be2 30. e6 Qf6 0-1

[Event "January 2 Late 2024"]
[Site "https://www.chess.com"]
[Date "2024.01.02"]
[Round "3"]
[White "Perske, Thore"]
[Black "Skaric, Djuro"]
[Result "1-0"]
[Board "190"]
[TimeControl "180+1"]
[WhiteFideId "12902195"]
[BlackFideId "934569"]
[WhiteElo "2649"]
[BlackElo "2288"]
[WhiteTeam "GER"]
[BlackTeam "SRB"]
[WhiteClock "0:00:37"]
[BlackClock "0:01:20"]

1. d4 d6 2. g3 g6 3. Bg2 Bg7 4. e4 Nf6 5. Ne2 O-O 6. Nbc3 Nc6 7. h3 e5 8. Be3 h6 9. Qd2 Kh7 10. O-O Nd7 11. Rad1 f5 12. exf5 gxf5 13. dxe5 dxe5 14. Nd5 Nb6 15. b3 Be6 16. Nec3 e4 17. Nxb6 axb6 18. a4 Qf6 19. Ne2 Rad8 20. Qc1 Ne5 21. Nf4 Bf7 22. Rxd8 Rxd8 23. Rd1 Rd6 24. Rxd6 Qxd6 25. Qd2 Qc6 26. h4 Ng4 27. Bh3 h5 28. Bxg4 hxg4 29. Ng2 Bc3 30. Qc1 Qd5 31. Nf4 Qd6 32. Kf1 c5 33. Ne2 Ba5 34. Bf4 Qd7 35. Be5 c4 36. Qg5 Be8 37. Qf6 Qf7 38. Qh8+ Kg6 39. Nf4# 1-0

[Event "January 2 Late 2024"]
[Site "https://www.chess.com"]
[Date "2024.01.02"]
[Round "3"]
[White "Lalanne, Pablo"]
[Black "osh1ro"]
[Result "0-1"]
[Board "191"]
[TimeControl "180+1"]
[WhiteFideId "112151"]
[WhiteElo "2288"]
[BlackElo "2619"]
[WhiteTeam "ARG"]
[WhiteClock "0:00:38"]
[BlackClock "0:02:02"]

1. e4 e6 2. d4 d5 3. Nc3 dxe4 4. Nxe4 Nd7 5. Nf3 Ngf6 6. Ng3 b6 7. Bd3 Bb7 8. O-O Be7 9. b3 O-O 10. Bb2 c5 11. Qe2 Qc7 12. c4 Rfe8 13. Rfe1 Rad8 14. Rad1 Bf8 15. Bb1 Qf4 16. Bc1 Bxf3 17. Bxf4 Bxe2 18. Rxe2 cxd4 19. h3 e5 20. Bg5 g6 21. Ne4 Nxe4 22. Bxd8 Nc3 23. Ree1 Nxd1 24. Bg5 Nc3 25. Bd3 f6 26. Bd2 Nc5 27. Bf1 a5 28. Bxc3 dxc3 29. Rc1 Rd8 30. Rxc3 Rd1 31. g3 Ne4 32. Re3 Nd2 0-1

[Event "January 2 Late 2024"]
[Site "https://www.chess.com"]
[Date "2024.01.02"]
[Round "3"]
[White "Gonzalez Zharikov, Andrey"]
[Black "Kozin, Yuri"]
[Result "0-1"]
[Board "192"]
[TimeControl "180+1"]
[WhiteFideId "5145287"]
[BlackFideId "4129920"]
[WhiteElo "2286"]
[BlackElo "2607"]
[WhiteTeam "MEX"]
[BlackTeam "RUS"]
[WhiteClock "0:00:10"]
[BlackClock "0:01:19"]

1. e4 c5 2. Nf3 e6 3. d4 cxd4 4. Nxd4 Nf6 5. Nc3 d6 6. Be2 Be7 7. O-O O-O 8. Kh1 a6 9. a4 Qc7 10. f4 Nc6 11. Bf3 Nxd4 12. Qxd4 e5 13. Qd1 exf4 14. Bxf4 Be6 15. Qe1 Nd7 16. Rd1 Ne5 17. Qg3 Rad8 18. Bg5 Bxg5 19. Qxg5 h6 20. Qg3 Qc5 21. Qf2 Qb4 22. Rb1 Rc8 23. Rfd1 Rfd8 24. Qd4 Rc4 25. Qd2 b5 26. axb5 axb5 27. Nd5 Qxd2 28. Rxd2 Bxd5 29. exd5 b4 30. Be2 Rc5 31. Re1 Rdc8 32. Bd1 Ra8 33. b3 Raa5 34. Bf3 Ra2 35. Be4 g6 36. Kg1 Kg7 37. h3 f5 38. Bd3 Nxd3 39. Rxd3 Rcxc2 40. Rg3 Re2 41. Rc1 Rad2 42. Rc7+ Kf6 43. Rh7 f4 44. Rg4 h5 45. Rxf4+ Kg5 46. g3 Rg2+ 47. Kf1 Rxg3 48. Rf2 Rxf2+ 49. Kxf2 0-1

[Event "January 2 Late 2024"]
[Site "https://www.chess.com"]
[Date "2024.01.02"]
[Round "3"]
[White "Gontcharov, Vladislav"]
[Black "Antonio, Jorge Carlos"]
[Result "1-0"]
[Board "193"]
[TimeControl "180+1"]
[WhiteFideId "4123492"]
[BlackFideId "113190"]
[WhiteElo "2594"]
[BlackElo "2281"]
[WhiteTeam "RUS"]
[BlackTeam "ARG"]
[WhiteClock "0:00:19"]
[BlackClock "0:00:02"]

1. d4 d5 2. c4 c6 3. Nf3 dxc4 4. e3 b5 5. a4 a6 6. axb5 cxb5 7. b3 Qc7 8. bxc4 bxc4 9. Qa4+ Bd7 10. Qxc4 Qxc4 11. Bxc4 a5 12. Ne5 e6 13. O-O Nf6 14. Bd2 a4 15. Nxd7 Nbxd7 16. Na3 Be7 17. Bb5 O-O 18. Rfb1 Bxa3 19. Rxa3 Nb6 20. Kf1 Rfc8 21. Ke2 h6 22. Kd3 Ne8 23. Bxe8 Nc4 24. Bxf7+ Kxf7 25. Rb7+ Kf6 26. Ra2 Nxd2 27. Kxd2 Rc6 28. Rb4 Rca6 29. e4 a3 30. Kd3 Kg5 31. Ke3 h5 32. Rb5+ Kg6 33. h4 Rc8 34. Rb3 Rca8 35. f4 Ra4 36. Rd3 Kf6 37. d5 exd5 38. Rxd5 Rb8 39. Rxh5 Rb3+ 40. Kf2 Rxe4 41. g3 Ree3 42. Rg5 Rf3+ 43. Kg2 Rfd3 44. h5 Rd1 45. Kh3 Rdd3 46. Kh4 Rd4 47. Ra5 Rdd3 48. Ra6+ Kf7 49. Rg6 Rd4 50. Rc2 Ra4 51. Rc7+ Kg8 52. Rgxg7+ Kh8 53. Rgd7 Ra8 54. h6 a2 55. Rh7+ Kg8 56. Rcg7+ Kf8 57. Rh8# 1-0

[Event "January 2 Late 2024"]
[Site "https://www.chess.com"]
[Date "2024.01.02"]
[Round "3"]
[White "Womacka, Mathias"]
[Black "Minina, Veronika"]
[Result "1-0"]
[Board "194"]
[TimeControl "180+1"]
[WhiteFideId "4611390"]
[BlackFideId "4174780"]
[WhiteElo "2544"]
[BlackElo "2280"]
[WhiteTeam "GER"]
[BlackTeam "RUS"]
[WhiteClock "0:00:27"]
[BlackClock "0:00:00"]

1. e4 c5 2. Nf3 Nc6 3. d4 cxd4 4. Nxd4 g6 5. c4 Nf6 6. Nc3 Nxd4 7. Qxd4 d6 8. Be2 Bg7 9. Be3 O-O 10. Qd2 a5 11. O-O a4 12. Rad1 Qa5 13. Bd4 Be6 14. f4 Rfc8 15. b3 axb3 16. axb3 Qb4 17. f5 Bd7 18. fxg6 hxg6 19. Bxf6 Bxf6 20. Nd5 Qxd2 21. Nxf6+ exf6 22. Rxd2 Ra3 23. Rxd6 Bc6 24. Rdxf6 Rc7 25. e5 Ra2 26. Bf3 Bxf3 27. R1xf3 Re2 28. e6 fxe6 29. Rxg6+ Kh7 30. Rgf6 Rd7 31. Rf7+ Rxf7 32. Rxf7+ Kg6 33. Rxb7 Rb2 34. c5 e5 35. c6 Rc2 36. Rb6 e4 37. b4 e3 38. Kf1 Kf5 39. Rb5+ Ke4 40. Rc5 Rb2 41. c7 Kd3 42. Rc1 1-0

[Event "January 2 Late 2024"]
[Site "https://www.chess.com"]
[Date "2024.01.02"]
[Round "3"]
[White "Nithyalakshmi, Sivanesan"]
[Black "Pasti, Aron"]
[Result "0-1"]
[Board "195"]
[TimeControl "180+1"]
[WhiteFideId "5706955"]
[BlackFideId "785857"]
[WhiteElo "2273"]
[BlackElo "2515"]
[WhiteTeam "MAS"]
[BlackTeam "HUN"]
[WhiteClock "0:00:00"]
[BlackClock "0:02:07"]

1. e4 c5 2. Nf3 e6 3. d4 cxd4 4. Nxd4 Nc6 5. Be3 Qc7 6. Nc3 a6 7. Qf3 b5 8. O-O-O Bb7 9. Qg3 Rc8 10. Qxc7 Rxc7 11. f3 Ne5 12. Bf4 d6 13. Kb1 Nf6 14. Bg3 Be7 15. Be2 O-O 16. h4 Rfc8 17. Rc1 Nc4 18. Bxc4 bxc4 19. Rhd1 Nd7 20. Nde2 Ne5 21. h5 g6 22. f4 Ng4 23. hxg6 hxg6 24. f5 gxf5 25. exf5 Ne3 26. Rd4 Nxf5 27. Rg4+ Kf8 28. Rh1 Bf6 29. Nf4 Ke7 30. Rh7 e5 31. Ng6+ Ke6 32. Nh4 Ne3 0-1

[Event "January 2 Late 2024"]
[Site "https://www.chess.com"]
[Date "2024.01.02"]
[Round "3"]
[White "Vanek, Tomas"]
[Black "Berezin, Viktor"]
[Result "0-1"]
[Board "196"]
[TimeControl "180+1"]
[WhiteFideId "313459"]
[BlackFideId "14107872"]
[WhiteElo "2268"]
[BlackElo "2507"]
[WhiteTeam "CZE"]
[BlackTeam "UKR"]
[WhiteClock "0:00:04"]
[BlackClock "0:00:31"]

1. e4 c6 2. d4 d5 3. e5 Bf5 4. Nd2 e6 5. g4 Bg6 6. Ne2 f6 7. Nf4 Bf7 8. Bd3 Nd7 9. O-O fxe5 10. dxe5 Nxe5 11. Re1 Nxd3 12. Nxd3 Bd6 13. Nf1 Qf6 14. Ng3 O-O-O 15. Rb1 e5 16. Nf5 Bc7 17. Qd2 g6 18. Ng3 e4 19. Nf4 h5 20. b4 hxg4 21. Bb2 Be5 22. Bxe5 Qxe5 23. b5 c5 24. b6 a6 25. Ng2 Ne7 26. Qa5 Qd6 27. Red1 Nc6 28. Qe1 Ne5 29. Nxe4 Nf3+ 30. Kf1 Qxh2 31. Qa5 dxe4 32. Qxc5+ Kb8 33. Rxd8+ Rxd8 34. Ne3 Qg1+ 35. Ke2 Rd2# 0-1

[Event "January 2 Late 2024"]
[Site "https://www.chess.com"]
[Date "2024.01.02"]
[Round "3"]
[White "Shapiro, Viktor"]
[Black "Harish, Neeraj"]
[Result "1-0"]
[Board "197"]
[TimeControl "180+1"]
[WhiteFideId "4175700"]
[BlackFideId "30958130"]
[WhiteElo "2506"]
[BlackElo "2265"]
[WhiteTeam "RUS"]
[BlackTeam "USA"]
[WhiteClock "0:00:23"]
[BlackClock "0:00:08"]

1. c4 e6 2. Nc3 d5 3. d4 Nf6 4. Nf3 Be7 5. Bg5 h6 6. Bxf6 Bxf6 7. e3 O-O 8. a3 b6 9. Rc1 Bb7 10. cxd5 exd5 11. Be2 c5 12. dxc5 bxc5 13. O-O d4 14. exd4 cxd4 15. Nb5 Nc6 16. a4 Rc8 17. Qd2 Qd7 18. Rfd1 Rfd8 19. Bd3 a6 20. Na3 Ne5 21. Nxe5 Bxe5 22. Nc4 Bb8 23. Bf1 Qg4 24. Qb4 Bd5 25. Nb6 Rxc1 26. Rxc1 Qf4 27. g3 Qxc1 28. Nxd5 Rxd5 29. Qxb8+ Kh7 30. Qb3 Rd8 31. Kg2 Qc6+ 32. f3 Qd5 33. Bd3+ g6 34. Qb6 Rd6 35. Qc7 Kg7 36. h4 Rc6 37. Qf4 Rb6 38. g4 Rxb2+ 39. Kg3 Rb3 40. Be4 Qd7 41. Qe5+ Kh7 42. h5 d3 43. hxg6+ fxg6 44. Qf6 Qg7 45. Qd6 Rb2 46. Qxd3 Qc7+ 47. f4 Ra2 48. Bxg6+ Kg7 49. Be4 Qe7 50. Qd4+ Qf6 51. Qd7+ Kh8 52. Qc8+ Kg7 53. Qb7+ Qf7 54. Qxf7+ Kxf7 55. Bd5+ Kf6 56. Bxa2 Kg6 57. Kh4 Kf6 58. Bb1 Kg7 59. a5 Kf6 60. Bd3 Kg7 61. Bxa6 Kf6 62. Bd3 Kg7 63. a6 1-0

[Event "January 2 Late 2024"]
[Site "https://www.chess.com"]
[Date "2024.01.02"]
[Round "3"]
[White "Kaganskiy, Gleb"]
[Black "Reprintsev, Alexander"]
[Result "1/2-1/2"]
[Board "199"]
[TimeControl "180+1"]
[WhiteFideId "4132025"]
[BlackFideId "14100541"]
[WhiteElo "2258"]
[BlackElo "2497"]
[WhiteTeam "ISR"]
[BlackTeam "UKR"]
[WhiteClock "0:00:07"]
[BlackClock "0:00:10"]

1. a3 g6 2. d4 Bg7 3. Nf3 d5 4. e3 Bf5 5. c4 c6 6. cxd5 cxd5 7. Qb3 Nf6 8. Qxb7 Nbd7 9. Nc3 O-O 10. Qb3 Rb8 11. Qd1 a5 12. Bd3 Bg4 13. O-O e5 14. dxe5 Nxe5 15. Be2 Nc4 16. Bxc4 dxc4 17. h3 Bf5 18. Nd4 Bd3 19. Re1 Re8 20. Nc6 Qb6 21. Nxb8 Rxb8 22. Ne2 Nd5 23. Nf4 Nxf4 24. exf4 Bxb2 25. Bxb2 Qxb2 26. Qc1 Qd4 27. Qe3 Qd7 28. Qe5 Rc8 29. Qxa5 c3 30. Rac1 c2 31. Qd2 Qb5 32. Re3 Bf5 33. Rc3 Rxc3 34. Qxc3 Qb1 35. Qe3 h5 36. Kh2 h4 37. a4 Kh7 38. a5 Qa2 39. Qd2 Qa3 40. Rxc2 Bxc2 41. Qxc2 Qxa5 42. Qe4 Qh5 43. g4 hxg3+ 44. fxg3 Qc5 45. Qg2 Kg7 46. h4 Kh7 47. Qe2 Qf5 48. Kg2 Qd5+ 49. Kf2 Qc5+ 50. Qe3 Qc2+ 51. Kf3 Qd1+ 52. Kg2 Qc2+ 53. Qf2 Qe4+ 54. Kh2 Qf5 55. Qf3 Qc2+ 56. Kh3 Qc8+ 57. g4 Qc5 58. h5 gxh5 59. gxh5 Qf5+ 60. Qg4 Qd3+ 61. Kh4 Qd8+ 62. Qg5 Qd3 63. h6 Qc3 64. Qf5+ Kxh6 65. Qxf7 Qe1+ 66. Kg4 Qe2+ 67. Kg3 Qe3+ 68. Kg2 Qe2+ 69. Kg3 Qe3+ 70. Kg4 Qe2+ 71. Kf5 Qd3+ 72. Ke5 Qe3+ 73. Kd6 Qd4+ 74. Ke7 Qb4+ 75. Ke8 Qb8+ 76. Ke7 Qc7+ 77. Ke6 Qc4+ 78. Ke7 Qc7+ 79. Ke8 Qc8+ 80. Ke7 Qc7+ 1/2-1/2

[Event "January 2 Late 2024"]
[Site "https://www.chess.com"]
[Date "2024.01.02"]
[Round "3"]
[White "Wartiovaara, Oliver"]
[Black "Sarkar, Justin"]
[Result "1/2-1/2"]
[Board "200"]
[TimeControl "180+1"]
[WhiteFideId "513024"]
[BlackFideId "2010011"]
[WhiteElo "2488"]
[BlackElo "2255"]
[WhiteTeam "FIN"]
[BlackTeam "USA"]
[WhiteClock "0:00:59"]
[BlackClock "0:00:17"]

1. e4 c5 2. c3 e6 3. d4 d5 4. e5 Nc6 5. Nf3 Qb6 6. Bd3 Bd7 7. O-O cxd4 8. cxd4 Nxd4 9. Nxd4 Qxd4 10. Nc3 Qxe5 11. Re1 Qb8 12. Qf3 Nf6 13. Nxd5 Nxd5 14. Qxd5 Bd6 15. h3 O-O 16. Qe4 g6 17. Bh6 Re8 18. Qd4 e5 19. Qe3 Be6 20. Rad1 Qc7 21. b3 f5 22. Rc1 Qf7 23. Bc4 e4 24. Bf4 Bxf4 25. Qxf4 Rac8 26. Bxe6 Qxe6 27. Qe3 b6 28. Red1 Rxc1 29. Rxc1 Rc8 30. Kh2 Qd6+ 31. g3 Rxc1 32. Qxc1 a5 33. Qc4+ Kg7 34. Kg2 h5 35. h4 Qe5 36. Qc6 Qc5 37. Qd7+ Kf6 38. Qd8+ Kf7 39. Qd7+ Kf6 40. Qd8+ Kf7 41. Qd7+ Kf6 1/2-1/2

[Event "January 2 Late 2024"]
[Site "https://www.chess.com"]
[Date "2024.01.02"]
[Round "3"]
[White "Balla, Tamas-Kristof"]
[Black "Kappeler, Kaspar"]
[Result "0-1"]
[Board "201"]
[TimeControl "180+1"]
[WhiteFideId "1208497"]
[BlackFideId "1309072"]
[WhiteElo "2483"]
[BlackElo "2246"]
[WhiteTeam "ROU"]
[BlackTeam "SUI"]
[WhiteClock "0:01:15"]
[BlackClock "0:00:50"]

1. e4 c5 2. c3 Nf6 3. e5 Nd5 4. d4 cxd4 5. Nf3 Nc6 6. cxd4 d6 7. Bc4 Nb6 8. Bb5 dxe5 9. Nxe5 Bd7 10. Nxd7 Qxd7 11. Nc3 e6 12. O-O Be7 13. Be3 O-O 14. Qg4 Rfd8 15. Rad1 Nd5 16. Bd3 Bf6 17. Ne4 Bxd4 18. Bxd4 Nxd4 19. Ng5 Nf6 20. Qh4 h6 21. Ne4 Nxe4 22. Bxe4 Ne2+ 23. Kh1 Qxd1 24. Bh7+ Kh8 0-1

[Event "January 2 Late 2024"]
[Site "https://www.chess.com"]
[Date "2024.01.02"]
[Round "3"]
[White "Burdalev, Kirill"]
[Black "Mesquita, Eduardo Barbosa"]
[Result "1-0"]
[Board "202"]
[TimeControl "180+1"]
[WhiteFideId "14121913"]
[BlackFideId "22757163"]
[WhiteElo "2246"]
[BlackElo "2482"]
[WhiteTeam "CZE"]
[BlackTeam "BRA"]
[WhiteClock "0:01:05"]
[BlackClock "0:01:56"]

1. d4 d5 2. c4 e6 3. Nf3 Nf6 4. Nc3 a6 5. c5 b6 6. cxb6 c5 7. Bf4 Qxb6 8. Na4 Qb4+ 9. Bd2 Qb7 10. Nxc5 Bxc5 11. dxc5 Qxb2 12. Rb1 Qxa2 13. Bc3 Ne4 14. Bxg7 Rg8 15. Ra1 Qc4 16. Bd4 Qb4+ 17. Nd2 Qxd4 18. e3 Qc3 19. Rc1 Qb4 20. Rb1 Qa5 21. Ra1 Qxc5 22. Rc1 Qb4 23. Rxc8+ Kd7 24. Rxg8 Ra7 25. Bd3 Rc7 26. Bxe4 d4 27. O-O dxe3 28. Nf3+ Ke7 29. Qd8# 1-0

[Event "January 2 Late 2024"]
[Site "https://www.chess.com"]
[Date "2024.01.02"]
[Round "3"]
[White "Cueto, Jonny"]
[Black "Olsson, Linus"]
[Result "0-1"]
[Board "203"]
[TimeControl "180+1"]
[WhiteFideId "3300145"]
[BlackFideId "1706098"]
[WhiteElo "2244"]
[BlackElo "2476"]
[WhiteTeam "BOL"]
[BlackTeam "SWE"]
[WhiteClock "0:00:47"]
[BlackClock "0:01:07"]

1. d4 Nf6 2. Bf4 g6 3. Nc3 Bg7 4. e4 d6 5. Qd3 O-O 6. O-O-O a6 7. f3 b5 8. h4 b4 9. Na4 Bd7 10. b3 Bxa4 11. bxa4 Nc6 12. g4 Na5 13. h5 Qd7 14. Kd2 Qxa4 15. Ke1 Qxa2 16. Ne2 Rfb8 17. Qd2 Nc4 18. Qc1 b3 19. cxb3 Qxb3 20. Bg2 Nb2 21. Nc3 Nxd1 22. Nxd1 Qd3 23. hxg6 hxg6 24. Bh6 Rb1 25. Qd2 Qxd2+ 26. Kxd2 Bxh6+ 27. Rxh6 a5 28. Kc2 Rb4 29. d5 a4 30. Nc3 a3 31. Kd3 a2 32. Nxa2 Rxa2 33. Bh3 0-1

[Event "January 2 Late 2024"]
[Site "https://www.chess.com"]
[Date "2024.01.02"]
[Round "3"]
[White "Andersson, Bjorn 1971"]
[Black "Gulamali, Kazim"]
[Result "0-1"]
[Board "204"]
[TimeControl "180+1"]
[WhiteFideId "1702114"]
[BlackFideId "2024764"]
[WhiteElo "2242"]
[BlackElo "2474"]
[WhiteTeam "SWE"]
[BlackTeam "USA"]
[WhiteClock "0:00:15"]
[BlackClock "0:01:14"]

1. e4 c5 2. Nf3 d6 3. d4 cxd4 4. Nxd4 Nf6 5. Nc3 a6 6. Be2 e5 7. Nb3 Be7 8. O-O O-O 9. Kh1 Be6 10. a4 Nbd7 11. f4 Qc7 12. f5 Bc4 13. g4 h6 14. g5 hxg5 15. Bxg5 Rfe8 16. Rg1 Qc6 17. Bxc4 Nxe4 18. Nxe4 Qxe4+ 19. Rg2 Qxc4 20. Bxe7 Rxe7 21. Qxd6 Qh4 22. Rag1 g6 23. Rg4 Qf6 24. Rxg6+ fxg6 25. Rxg6+ Qxg6 26. Qxg6+ Kh8 27. f6 Rh7 28. Na5 Rg8 29. Qf5 Rf8 30. Nxb7 Rxf6 31. Qd3 Rf2 32. Qg3 Rxc2 33. Nd6 Rxb2 34. Qc3 Rhxh2+ 35. Kg1 Rhg2+ 36. Kf1 Rgc2 37. Qh3+ Kg8 38. Qxd7 Rc1# 0-1